 Dungeon Crawl Stone Soup version 0.30-a0-778-g2ef04afb54 (webtiles) character file.

Game seed: 8433885360311786240

869 Ekaitz the Digger (level 7, 0/52 HPs)
             Began as a Demonspawn Earth Elementalist on Feb 16, 2023.
             Was an Initiate of Sif Muna.
             Slain by Pikel
             ... wielding a +2 whip of flaming
              (7 damage)
             ... on level 6 of the Dungeon.
             The game lasted 00:14:01 (5890 turns).

Ekaitz the Digger (Demonspawn Earth Elementalist)   Turns: 5890, Time: 00:14:01

Health: 0/52       AC:  9    Str:  8    XL:     7   Next: 73%
Magic:  1/11       EV: 12    Int: 19    God:    Sif Muna [......]
Gold:   38         SH:  0    Dex: 13    Spells: 2/12 levels left

rFire   . . .      SeeInvis +    o - +0 short sword (venom)
rCold   . . .      Faith    .    (no shield)
rNeg    . . .      Spirit   .    x - +1 leather armour of the Mashing Gods {SInv}
rPois   .          Reflect  .    (helmet restricted)
rElec   .          Harm     .    (no cloak)
rCorr   .          Rampage  .    t - +0 pair of gloves
Will    .....                    (no boots)
Stlth   ++                       (no amulet)
HPRegen 0.28/turn                l - +4 ring of protection
MPRegen 0.12/turn                r - ring of flight

@: flying
A: hooves 1, horns 2, icemail 1, condensation shield
a: Renounce Religion


You were on level 6 of the Dungeon.
You worshipped Sif Muna.
Sif Muna was noncommittal.
You visited 1 branch of the dungeon, and saw 6 of its levels.

You collected 199 gold pieces.
You spent 161 gold pieces at shops.

Inventory:

Hand Weapons
 a - a +1 dagger of draining
 o - a +0 short sword of venom (weapon)
 v - a +0 trident of flaming
 z - a +2 flail of venom
Armour
 t - a +0 pair of gloves (worn)
 x - the +1 leather armour of the Mashing Gods (worn) {SInv}
   (You bought it in a shop on level 4 of the Dungeon)

   SInv:      It lets you see invisible.
 B - the +0 tower shield "Penuidic" {+Inv}
   (You found it on level 6 of the Dungeon)

   +Inv:      It lets you turn invisible.
Jewellery
 l - a +4 ring of protection (left hand)
 r - a ring of flight (right hand)
 w - a +6 ring of strength
 y - a ring of ice
 A - a ring of poison resistance
Wands
 f - a wand of polymorph (9)
 q - a wand of flame (7)
 C - a wand of mindburst (15)
Scrolls
 c - 4 scrolls of identify {unknown}
 d - 3 scrolls of torment {unknown}
 g - 7 scrolls of teleportation {unknown}
 i - 2 scrolls of poison {unknown}
 j - 5 scrolls of magic mapping {unknown}
 m - a scroll of immolation {unknown}
 p - 2 scrolls of silence {unknown}
Potions
 b - a potion of magic
 e - a potion of resistance {unknown}
 h - a potion of might {unknown}
 k - a potion of ambrosia {unknown}
 n - a potion of mutation {unknown}
 s - 5 potions of attraction {unknown}
 u - 3 potions of curing {unknown}


   Skills:
 * Level 3.0 Fighting
 + Level 1.9 Short Blades
 + Level 1.0 Armour
 + Level 2.5 Dodging
 + Level 3.8 Stealth
 + Level 0.6 Shields
 + Level 3.2 Spellcasting
 * Level 3.1 Conjurations
 + Level 1.5 Transmutations
 * Level 4.5 Earth Magic
 * Level 0.7 Invocations


You had 2 spell levels left.
You knew the following spells:

 Your Spells              Type           Power      Damage    Failure   Level
a - Sandblast             Erth           40%        2d10      3%          1
b - Passwall              Tmut/Erth      11%        N/A       9%          2
c - Stone Arrow           Conj/Erth      34%        3d9       13%         3
d - Petrify               Tmut/Erth      14%        N/A       52%         4

Your spell library contained the following spells:

 Spells                   Type           Power      Damage    Failure   Level
 Momentum Strike          Conj/Tloc      18%        3d8       17%         2


Dungeon Overview and Level Annotations

Branches:
Dungeon (6/15)             Temple (0/1) D:5

Altars:
Sif Muna
Trog
Wu Jian

Shops:
D:1 =[   D:3 =   D:4 [

Annotations:
D:6 Pikel


Innate Abilities, Weirdness & Mutations

You have large cloven feet.
You have a pair of horns on your head.
A meltable icy envelope protects you from harm. (AC +0)
A meltable shield of frost defends you. (SH +0)


Message History

You kick Pikel, but do no damage. You headbutt Pikel, but do no damage.
Pikel is heavily wounded.
Pikel hits you with a +2 whip of flaming.
Your icy defences dissipate!
Pikel burns you.
You hit Pikel. Your headbutt misses Pikel.
Pikel is heavily wounded.
Pikel hits you with a +2 whip of flaming.
Pikel burns you.
You hit Pikel but do no damage.
Pikel is poisoned.
Your kick misses Pikel.
Pikel is heavily wounded.
Pikel misses you.
You hit Pikel but do no damage.
Pikel looks as sick as possible!
You kick Pikel.
Pikel is severely wounded.
The ice beast hits you but does no damage.
Pikel hits you with a +2 whip of flaming.
Pikel burns you.
You hit Pikel.
Pikel looks as sick as possible!
Pikel is severely wounded.
The ice beast hits you. The ice beast freezes you! Pikel barely misses you.
The ice beast attacks as you move away!
The ice beast hits you but does no damage.
Pikel hits you but does no damage. Pikel attacks as you move away!
Pikel hits you with a +2 whip of flaming.
Pikel burns you.
Pikel cracks his whip.
Aiming: Throw Flame
Press: ? - help, Shift-Dir - straight line, f/p - Pikel
Aim: Pikel, wielding a +2 whip of flaming and wearing a +0 robe (almost dead, extremely poisoned, 60% to hit)
The puff of flame misses the ice beast.
The puff of flame misses Pikel.
The ice beast barely misses you.
You barely miss Pikel. You kick Pikel, but do no damage.
Your headbutt misses Pikel.
Pikel is almost dead.
The ice beast hits you. The ice beast freezes you!
* * * LOW HITPOINT WARNING * * *
Pikel hits you with a +2 whip of flaming!
You die...

#......##.##..Y.#. ..
#....#.##.##....###.#
###.......#.#.........K
#......†)...........#..
#...................#..
#.........#.........#..
#.....5####.........#..
#....KY# #.........#..
###...@# #.........###
#....# #.........#
#....# ###########
#....# #....# ######


You could see Pikel (very poisoned), an ice beast and a lemure.

Vanquished Creatures
  An orc warrior (D:4)
  A black bear (D:5)
  3 lemures (D:6)
  An orc priest (D:3)
  A gnoll bouda (D:6)
  A hound (D:4)
  3 jellies
  Ijyb (D:3)
  Natasha (thrice) (D:3)
  Terence (D:3)
  4 iguanas
  2 orc wizards
  7 gnolls
  8 adders
  A worm (D:3)
  2 dart slugs (D:1)
  4 orcs (D:3)
  6 ball pythons
  3 bats (D:1)
  5 endoplasms
  6 giant cockroaches
  5 goblins
  7 hobgoblins
  8 jackals (D:3)
  6 kobolds
  3 quokkas
  2 frilled lizards
  2 rats
97 creatures vanquished.

Vanquished Creatures (others)
  7 plants (D:1)
7 creatures vanquished.

Grand Total: 104 creatures vanquished

Notes
Turn   | Place    | Note
-------+----------+-------------------------------------------
     0 | D:1      | Ekaitz the Demonspawn Earth Elementalist began the quest
                  | for the Orb.
     0 | D:1      | Reached XP level 1. HP: 13/13 MP: 3/3
   145 | D:1      | Reached skill level 3 in Earth Magic
   145 | D:1      | Gained mutation: A meltable shield of frost defends you.
                  | (SH +0) [demonic ancestry]
   145 | D:1      | Reached XP level 2. HP: 20/20 MP: 1/5
   148 | D:1      | Learned a level 2 spell: Passwall
   187 | D:1      | Found Peunk's Jewellery Shop.
   418 | D:1      | Found Norotaij's Armour Boutique.
   497 | D:1      | Reached skill level 1 in Fighting
   499 | D:1      | Reached skill level 1 in Transmutations
   705 | D:1      | Discovered your monstrous ancestry.
   705 | D:1      | Gained mutation: You have a pair of small horns on your
                  | head. [demonic ancestry]
   705 | D:1      | Reached XP level 3. HP: 26/26 MP: 0/6
   709 | D:1      | Learned a level 3 spell: Stone Arrow
  1455 | D:2      | Gained mutation: You have large cloven feet. [demonic
                  | ancestry]
  1455 | D:2      | Reached XP level 4. HP: 32/32 MP: 4/7
  1908 | D:3      | Noticed Natasha
  1918 | D:3      | Killed Natasha
  1919 | D:3      | Reached skill level 1 in Conjurations
  1922 | D:3      | Noticed Ijyb
  2019 | D:4      | Found an ornate altar of the Wu Jian Council.
  2159 | D:3      | Noticed Terence
  2185 | D:3      | Killed Terence
  2186 | D:3      | Gained mutation: A meltable icy envelope protects you from
                  | harm. (AC +0) [demonic ancestry]
  2186 | D:3      | Reached XP level 5. HP: 37/37 MP: 1/8
  2259 | D:3      | Found a faded altar of an unknown god.
  2360 | D:3      | Found Wiceigak's One-of-a-Kind Rings.
  2383 | D:3      | Reached skill level 1 in Short Blades
  2487 | D:3      | Killed Ijyb
  2815 | D:3      | Noticed Natasha
  2822 | D:3      | Killed Natasha
  2823 | D:3      | Reached XP level 6. HP: 36/41 MP: 6/10
  3010 | D:3      | Noticed Natasha
  3015 | D:3      | Killed Natasha
  3163 | D:4      | Found Kycana's Antique Armour Shop.
  3263 | D:4      | Found a shimmering blue altar of Sif Muna.
  3300 | D:4      | Got Sif Muna's Teachings on Momentum
  3302 | D:4      | Became a worshipper of Sif Muna the Loreminder
  3308 | D:4      | Learned a level 4 spell: Petrify
  3354 | D:4      | Found a bloodstained altar of Trog.
  3354 | D:4      | Noticed an orc warrior
  3365 | D:4      | Killed an orc warrior
  3366 | D:4      | Reached skill level 4 in Earth Magic
  4041 | D:4      | Bought a turquoise-encrusted leather armour for 161 gold
                  | pieces
  4041 | D:4      | Identified the +1 leather armour of the Mashing Gods {SInv}
                  | (You bought it in a shop on level 4 of the Dungeon)
  4263 | D:5      | Entered Level 5 of the Dungeon
  4302 | D:5      | Gained mutation: You have a pair of horns on your head.
                  | [demonic ancestry]
  4302 | D:5      | Reached XP level 7. HP: 51/51 MP: 6/11
  4901 | D:5      | Found a staircase to the Ecumenical Temple.
  5132 | D:6      | Noticed Pikel
  5662 | D:6      | Identified the +0 tower shield "Penuidic" {+Inv}
  5735 | D:6      | Reached skill level 1 in Armour
  5890 | D:6      | Slain by Pikel

Illustrated notes

Levels and vault maps discovered:
D:1:      lemuel_arrival_rhombus, layout_rooms, serial_shops, shop,
          shop_fountains, nicolae_grassy_gnolls
D:2:      layout_loops_ring
D:3:      layout_loops_ring, ebering_ecumenical_altar_hall,
          nicolae_shop_unique_rings, uniq_natasha, uniq_terence, uniq_ijyb
D:4:      layout_loops_corners, nicolae_wu_jian_wuxing_cycle,
          nzn_overflow_gifts_of_might_and_magic, serial_shops,
          kennysheep_little_box
D:5:      layout_basic, minmay_temple_entry_statues, hangedman_decor_points,
          corexii_hall_statues_i
D:6:      layout_basic, ebering_ghost_sewer_d, minmay_misc_feat_square,
          mrwooster_statue_mirror, uniq_pikel

Skill      XL: |  1  2  3  4  5  6  7 |
---------------+----------------------+-----
Dodging        | 2 |  2.5
Earth Magic    | 3 4 |  4.5
Fighting       | 1 2 3 |  3.0
Transmutations | 1 |  1.5
Stealth        | 2 3 |  3.8
Conjurations   | 1 2 3 |  3.1
Short Blades   | 1 |  1.9
Spellcasting   | 3 |  3.2
Armour         | 1 |  1.0
Shields        | |  0.6
Invocations    | |  0.7

Action                     |  1- 3 |  4- 6 |  7- 9 || total
---------------------------+-------+-------+-------++-------
  Melee: Short sword       |    36 |    99 |    35 ||   170
         Headbutt          |     2 |    15 |    10 ||    27
         Kick              |       |    27 |    13 ||    40
         Dagger            |       |    10 |    13 ||    23
   Cast: Sandblast         |    29 |     6 |       ||    35
         Passwall          |     7 |    11 |       ||    18
         Stone Arrow       |     2 |    16 |    28 ||    46
  Evoke: Wand              |       |       |     1 ||     1
   Stab: Sleeping          |     7 |    13 |     1 ||    21
 Armour: Robe              |     7 |    33 |       ||    40
         Leather armour    |       |       |    22 ||    22
  Dodge: Dodged            |    25 |    41 |    32 ||    98
  Block: Other             |     7 |     9 |     8 ||    24

Table legend: (Time is in decaauts)
 A = Elapsed time spent in this place.
 B = Non-inter-level travel time spent in this place.
 C = Inter-level travel time spent in this place.
 D = Time resting spent in this place.
 E = Time spent auto-exploring this place.
 F = Levels seen in this place.
 G = Mean time per level.
                   A        B        C        D        E       F      G
               +--------+--------+--------+--------+--------+-----+--------+
         Total |   5897 |   5527 |    370 |    359 |   4068 |   6 |  982.8 |
       Dungeon |   5897 |   5527 |    370 |    359 |   4068 |   6 |  982.8 |
               +--------+--------+--------+--------+--------+-----+--------+

Top non-repeatable levels by time:
     D:4: 1358 daAuts
     D:5: 1160 daAuts
     D:3: 1138 daAuts
     D:1: 957 daAuts
     D:2: 818 daAuts
     D:6: 463 daAuts
